 Dungeon Crawl Stone Soup version 0.31.0-11-ge490571c62 (webtiles) character file.

Game seed: 7366357520751345444

424130 Faeranduil the Pyromancer (level 23, -2/174 HPs)
             Began as an Octopode Alchemist on Jan 27, 2024.
             Was the Champion of Vehumet.
             Killed from afar by a tengu reaver (12 damage)
             ... with a bolt of lightning
             ... on level 5 of the Vaults on Feb 3, 2024.
             The game lasted 06:05:03 (73909 turns).

Faeranduil the Pyromancer (Octopode Alchemist)     Turns: 73909, Time: 06:05:04

Health: -2/174     AC:  8    Str: 10    XL:     23   Next: 77%
Magic:  54/54      EV: 26    Int: 38    God:    Vehumet [******]
Gold:   3323       SH:  8    Dex: 15    Spells: 6/58 levels left

rFire   + . .        b - +1 short sword "Simaig" {heavy, rElec rC+ Will+ Str+3}
rCold   + . .        N - +1 buckler "Cybripiy" {rElec rF+}
rNeg    . . .        T - +1 hat of Makhleb's Envy {rCorr Stlth+}
rPois   +            s - amulet of magic regeneration
rElec   +            k - +4 ring of protection
rCorr   +            A - +5 ring of evasion
SInv    .            z - +6 ring of intelligence
Will    ++...        X - ring of poison resistance
Stlth   +++++++      Y - ring "Fuiciocs" {Wiz rElec}
HPRegen 0.49/turn    K - +6 ring of intelligence
MPRegen 0.74/turn    f - ring of magical power
                     U - ring of the Octopus King {Fly HP+2 AC+2 EV+2 SH+2}

%: wizardry (x1)
@: brilliant, lethally poisoned (-2 -> -8), flying
A: almost no armour, amphibious, 8 rings, camouflage 1, gelatinous body 1,
(nimble swimmer 1), tentacles
}: 2/15 runes: decaying, gossamer
a: Renounce Religion


You were on level 5 of the Vaults.
You worshipped Vehumet.
Vehumet was exalted by your worship.
You visited 8 branches of the dungeon, and saw 40 of its levels.
You visited 1 bazaar.
You also visited: Trove, Gauntlet and Ice Cave.

You collected 6416 gold pieces.
You spent 3093 gold pieces at shops.

Inventory:

Hand Weapons
 a - the +11 sling of Awunaz {freeze, *Corrode rElec Int+3 SInv}
   (You found it on level 8 of the Dungeon)

   Int+3:     It affects your intelligence (+3).
   rElec:     It insulates you from electricity.
   SInv:      It lets you see invisible.
   *Corrode:  It may corrode you when you take damage.
 b - the +1 short sword "Simaig" (weapon) {heavy, rElec rC+ Will+ Str+3}
   (You bought it in a shop on level 2 of the Dungeon)

   Str+3:     It affects your strength (+3).
   rC+:       It protects you from cold.
   rElec:     It insulates you from electricity.
   Will+:     It increases your willpower.
 c - the +5 hand axe of the First Interlopers {venom, Fly Will+++ rCorr Str-5}
   (You took it off an orc priest on level 8 of the Dungeon)

   Str-5:     It affects your strength (-5).
   Will+++:   It greatly increases your willpower.
   Fly:       It grants you flight.
   rCorr:     It protects you from acid and corrosion.
Armour
 d - a +3 buckler of cold resistance
 N - the +1 buckler "Cybripiy" (worn) {rElec rF+}
   (You bought it in a shop on level 5 of the Dungeon)

   rF+:       It protects you from fire.
   rElec:     It insulates you from electricity.
 T - the +1 hat of Makhleb's Envy (worn) {rCorr Stlth+}
   (You found it on level 1 of the Vaults)

   rCorr:     It protects you from acid and corrosion.
   Stlth+:    It makes you more stealthy.
Jewellery
 f - a ring of magical power (on tentacle)
 k - a +4 ring of protection (left tentacle)
 s - an amulet of magic regeneration (around mantle)
 u - the ring of Wigijaaph {Dex+6 Slay+2 SInv}
   (You found it in a treasure trove)

   [ring of dexterity]

   Dex+6:     It affects your dexterity (+6).
   Slay+2:    It affects your accuracy & damage with ranged weapons and melee
   (+2).
   SInv:      It lets you see invisible.
 z - a +6 ring of intelligence (on tentacle)
 A - a +5 ring of evasion (right tentacle)
 E - a +6 ring of intelligence
 K - a +6 ring of intelligence (on tentacle)
 R - a ring of protection from cold
 U - a ring of the Octopus King (on tentacle) {Fly HP+2 AC+2 EV+2 SH+2}
   (You found it on level 2 of the Lair of Beasts)

   [ring of flight]

   AC+2:      It affects your AC (+2).
   EV+2:      It affects your evasion (+2).
   HP+2:      It affects your health (+2).
   Fly:       It grants you flight.
   SH+2:      It affects your SH (+2).
 X - a ring of poison resistance (on tentacle)
 Y - the ring "Fuiciocs" (on tentacle) {Wiz rElec}
   (You found it in a Gauntlet)

   [ring of wizardry]

   Wiz:       It improves your spell success rate.
   rElec:     It insulates you from electricity.
 Z - a ring of protection from fire
Talismans
 i - the death talisman "Hixkap" {rF+}
   (You found it in an ice cave)

   [talisman of death]

   rF+:       It protects you from fire.
Wands
 p - a wand of mindburst (34)
 B - a wand of digging (8)
 I - a wand of roots (31)
 O - a wand of paralysis (24)
Scrolls
 e - 12 scrolls of teleportation
 h - 14 scrolls of poison
 l - 3 scrolls of fear
 w - 11 scrolls of fog
 C - 5 scrolls of immolation
 D - 8 scrolls of summoning
 S - a scroll of blinking
 V - 2 scrolls of revelation
Potions
 g - 11 potions of might
 m - 5 potions of enlightenment
 n - a potion of heal wounds
 o - 14 potions of curing
 q - 4 potions of magic
 t - 4 potions of mutation
 x - 6 potions of haste
 F - 7 potions of brilliance
 G - 6 potions of ambrosia
 H - 5 potions of lignification
 J - 3 potions of resistance
 M - a potion of invisibility
 P - 4 potions of cancellation
Miscellaneous
 v - a lightning rod (4/4)
 y - a condenser vane
 L - a phial of floods


   Skills:
 + Level 18.9 Fighting
 - Level 12.0 Dodging
 - Level 12.0 Stealth
 - Level 4.0 Shields
 + Level 18.3 Spellcasting
 * Level 17.0 Conjurations
 * Level 21.7 Fire Magic
 - Level 4.0 Air Magic
 + Level 8.2 Earth Magic
 - Level 8.0 Alchemy
 - Level 9.0 Evocations


You had 6 spell levels left.
You knew the following spells:

 Your Spells              Type           Power      Damage    Failure   Level
a - Sting                 Conj/Alch      100%       1d9       0%          1
b - Bombard               Conj/Erth      57%        9d9       1%          6
c - Lehudib's Crystal Sp  Conj/Erth      57%        10d13     4%          8
d - Fireball              Conj/Fire      67%        3d25      0%          5
e - Iskenderun's Mystic   Conj/Tloc      99%        2d19      1%          4
f - Ignition              Fire           70%        3d18      1%          8
g - Olgreb's Toxic Radia  Alch           97%        N/A       1%          4
h - Ignite Poison         Fire/Alch      100%       N/A       0%          4
i - Plasma Beam           Fire/Air       57%        2x1d73    1%          6
j - Mercury Vapours       Alch/Air       100%       N/A       1%          2
k - Searing Ray           Conj           100%       2d8       0%          2
z - Blink                 Tloc           100%       N/A       1%          2

Your spell library contained the following spells:

 Spells                   Type           Power      Damage    Failure   Level
 Fire Storm               Conj/Fire      67%        8d17      4%          9
 Chain Lightning          Conj/Air       53%        3d71      75%         9
 Polar Vortex             Ice            25%        12d3*     99%         9
 Foxfire                  Conj/Fire      100%       2x1d9     0%          1
 Magic Dart               Conj           100%       1d8       0%          1
 Shock                    Conj/Air       100%       1d9       0%          1
 Scorch                   Fire           100%       2d9       0%          2
 Stone Arrow              Conj/Erth      100%       3d13      0%          3
 Flame Wave               Conj/Fire      100%       2d21      0%          4
 Sticky Flame             Fire/Alch      100%       2d15      0%          4
 Iskenderun's Battlesphe  Conj           100%       2d15      0%          5
 Apportation              Tloc           100%       N/A       1%          1
 Slow                     Hex            100%       N/A       1%          1
 Call Imp                 Summ           100%       N/A       1%          2
 Cigotuvi's Dreadful Rot  Necr/Alch/Air  100%       N/A       1%          2
 Jinxbite                 Hex            100%       N/A       1%          2
 Lesser Beckoning         Tloc           100%       N/A       1%          2
 Momentum Strike          Conj/Tloc      100%       3d10      1%          2
 Sublimation of Blood     Necr           51%        N/A       1%          2
 Confusing Touch          Hex            51%        N/A       1%          3
 Dazzling Flash           Conj/Hex       100%       N/A       1%          3
 Fugue of the Fallen      Necr           51%        N/A       1%          3
 Hailstorm                Conj/Ice       99%        3d16      1%          3
 Inner Flame              Hex/Fire       100%       N/A       1%          3
 Mephitic Cloud           Conj/Alch/Air  100%       N/A       1%          3
 Ozocubu's Armour         Ice            51%        N/A       1%          3
 Sigil of Binding         Hex            51%        N/A       1%          3
 Summon Ice Beast         Ice/Summ       51%        N/A       1%          3
 Swiftness                Air            78%        N/A       1%          3
 Tukima's Dance           Hex            51%        N/A       1%          3
 Vampiric Draining        Necr           51%        2d9       1%          3
 Volatile Blastmotes      Fire/Tloc      100%       2d18      1%          3
 Airstrike                Air            39%        2d(6-22)  1%          4
 Fulminant Prism          Conj/Alch      57%        3d24      1%          4
 Petrify                  Alch/Erth      98%        N/A       1%          4
 Alistair's Intoxication  Alch           64%        N/A       1%          5
 Arcjolt                  Conj/Air       53%        1d63      1%          5
 Irradiate                Conj/Alch      57%        3d30      1%          5
 Yara's Violent Unravell  Hex/Alch       39%        3d16      1%          5
 Eringya's Noxious Bog    Alch           48%        4d6       1%          6
 Starburst                Conj/Fire      67%        6d17      1%          6
 Vhi's Electric Charge    Tloc/Air       100%       N/A       2%          4
 Borgnjor's Vile Clutch   Necr/Erth      39%        N/A       2%          5
 Dimensional Bullseye     Hex/Tloc       25%        N/A       4%          4
 Dispel Undead            Necr           51%        3d19      4%          4
 Manifold Assault         Tloc           51%        N/A       4%          4
 Martyr's Knell           Necr/Summ      51%        N/A       4%          4
 Passage of Golubria      Tloc           51%        N/A       4%          4
 Silence                  Hex/Air        33%        N/A       6%          5
 Curse of Agony           Necr           51%        N/A       13%         5
 Summon Mana Viper        Hex/Summ       51%        N/A       13%         5
 Death Channel            Necr           25%        N/A       56%         6
 Summon Cactus Giant      Summ           25%        N/A       56%         6
 Spellforged Servitor     Conj/Summ      49%        N/A       3%          7
 Ozocubu's Refrigeration  Ice            25%        4d13      61%         7
 Maxwell's Capacitive Co  Air            39%        ∞         73%         8
 Enfeeble                 Hex            25%        N/A       98%         7
 Monstrous Menagerie      Summ           25%        N/A       98%         7
 Discord                  Hex            25%        N/A       100%        8
 Animate Armour           Summ/Erth      Unusable   N/A       N/A         4

Dungeon Overview and Level Annotations

Branches:
Dungeon (15/15)            Temple (1/1) D:5            Lair (5/5) D:8
  Swamp (4/4) Lair:2       Spider (4/4) Lair:2        Slime (0/5) Lair:4
    Orc (2/2) D:11            Elf (0/3) Orc:2        Vaults (5/5) D:13
  Crypt (0/3) Vaults:3     Depths (4/4) D:15            Zot (0/5) Depths:4
  IceCv (visited)         Gauntlet (visited)

Altars:
Ashenzari
Cheibriados
Dithmenos
Elyvilon
Fedhas
Gozag
Hepliaklqana
Kikubaaqudgha
Makhleb
Nemelex Xobeh
Okawaru
Qazlal
Ru
Sif Muna
Trog
Uskayaw
Vehumet
Wu Jian
Xom
Yredelemnul
Zin
The Shining One
Jiyva

Shops:
D:2 =(   D:4 !   D:5 [   D:6 *   Orc:2 [(((   Vaults:3 (

Portals:
Hell: Depths:1 Depths:2 Depths:3 Depths:4
Abyss: Depths:3 Depths:4
Pandemonium: Depths:2 Depths:3 Depths:4
Ziggurat: Depths:3

Annotations:
Swamp:2 1 runed translucent door, Qemahefa's ghost, adept GrFi
Depths:4 1 runed translucent door, Hijoso's ghost, veteran GnWn


Innate Abilities, Weirdness & Mutations

You cannot wear most types of armour.
You are amphibious.
You can wear up to eight rings at the same time.
Your skin changes colour to match your surroundings (Stealth+).
Your rubbery body absorbs attacks. (AC +1, EV +1)
((You are camouflaged when in or above water. (Stealth+)))
You have tentacles for arms and can constrict up to eight enemies at once.


Message History

* * * LOW HITPOINT WARNING * * *
Your life force feels restored.
You feel much better.
The tengu reaver looks even sicker.
The titan looks as sick as possible!
A deep elf high priest comes into view. It is wielding a +0 scimitar.
The tengu reaver gestures at you while chanting.
The bolt of poison hits you!
You are poisoned.
You resist.
* * * LOW HITPOINT WARNING * * *
A tengu reaver comes into view.
It is wielding a +1 great sword of holy wrath and wearing a +3 ring mail of cold resistance.
Blink to where?
Press: ? - help, Dir - move target
As you read the scroll of blinking, it crumbles to dust.
Your resistance to elements expires.
Your toxic aura wanes.
You feel extremely sick.
Casting: Iskenderun's Mystic Blast (safe; 1% risk of failure)
Confirm with . or Enter, or press ? or * to list all spells.
You feel a surge of power!
You erupt in a blast of force!
The mystic blast hits the orc knight!
The orc knight is moderately wounded.
The orc knight is knocked back by the mystic blast.
The orc knight slams into the heavily etched metal wall!
You feel very sick.
You hear a shout!
A titan comes into view.
You feel very sick.
The orc knight looks more healthy.
You feel very sick.
The titan waves its arms in wide circles.
The air twists around and strikes you!!
* * * LOW HITPOINT WARNING * * *
You feel much better.
You feel very sick.
The tengu reaver gestures at you while chanting.
The bolt of lightning hits you! You resist.
* * * LOW HITPOINT WARNING * * *
The tengu reaver points at you and mumbles some strange words.
The bolt of lightning hits you! You resist.
You die...

...#.#.#.#.# ..)$#)#.#C#
))...#.#†# )))..†#.#
...)..Q##################
<<..)†....Q..............
[.<.))....C............C.
<<).).Q...Q.....o........
...).C).........@........
)))..####################
)).... ..e#).. ...#..C.
...#.....


You could see 2 titans, 2 tengu reavers and an orc knight.

Vanquished Creatures
  Mara (Depths:3)
  Margery (Vaults:3)
  Nikola (Swamp:3)
  A golden dragon (Depths:4)
  A bone dragon (Depths:4)
  Arachne (Spider:3)
  A quicksilver dragon (Depths:3)
  A searing wretch (Vaults:3)
  3 liches
  Asterion (Spider:4)
  Frances (Swamp:2)
  4 titans
  Gastronok (Lair:1)
  3 sphinxes
  3 tengu reavers
  3 thorn hunters
  Aizul (Spider:1)
  3 shadow dragons
  A storm dragon (Depths:3)
  Donald (Swamp:1)
  3 fire giants
  3 fenstrider witches
  A deep elf sorcerer (Vaults:4)
  A balrug (Depths:1)
  16 vault wardens
  6 emperor scorpions
  An iron dragon (Depths:3)
  10 frost giants
  3 ghost moths
  16 ironbound preservers
  2 draconian stormcallers (Depths:4)
  3 ghouls
  A draconian annihilator (Depths:3)
  3 broodmothers
  An orc warlord (Vaults:4)
  26 very ugly things
  A deep elf death mage (Vaults:3)
  2 spriggan defenders
  3 formless jellyfish
  7 stone giants
  A vampire knight (Depths:2)
  A yellow draconian (Depths:4)
  9 dire elephants
  A deep elf demonologist (Depths:4)
  13 ironbound thunderhulks
  2 black draconians
  3 eleionomae
  2 minotaurs
  10 spark wasps
  A bunyip (Swamp:1)
  A white draconian (Depths:4)
  4 war gargoyles
  A deep elf annihilator (Vaults:5)
  9 ettins
  Snorg (Lair:3)
  3 crystal guardians
  8 fire dragons
  9 yaktaur captains
  A blizzard demon (Depths:2)
  5 entropy weavers
  2 deep elf high priests (Vaults:5)
  11 ice dragons
  The ghost of Naggiasi the Slicer, a journeyman KoBr of Trog (D:12)
  2 rakshasas
  8 great orbs of eyes
  3 spriggan air magi
  Fannar (Lair:1)
  24 hydras
  6 alligators
  4 peacekeepers
  31 vault guards
  9 ironbound frosthearts
  3 catoblepae
  2 caustic shrike simulacra (IceCv)
  24 centaur warriors
  4 ogre magi
  A hell beast (Depths:1)
  A two-headed ogre (shapeshifter) (Depths:4)
  An anaconda (shapeshifter) (Vaults:5)
  6 boulder beetles
  An anaconda (Lair:2)
  The ghost of Arex the Mimic, a novice DrSh of Gozag (D:8)
  2 radroaches
  18 two-headed ogres
  3 ghost crabs
  3 deep troll shamans (Depths:3)
  8 deep troll earth magi
  A death yak (Lair:5)
  12 demonic crawlers
  5 spriggan berserkers
  9 tengu warriors
  3 occultists
  4 orc high priests (Orc:2)
  A sphinx skeleton (Depths:2)
  A shock serpent (shapeshifter) (Vaults:5)
  2 skysharks (Lair:5)
  A soul eater (Depths:4)
  Nergalle (D:10)
  A storm dragon zombie (Depths:2)
  18 hell knights
  A sun demon (Depths:2)
  6 iron trolls
  A storm dragon skeleton (Depths:2)
  8 pharaoh ants
  5 goliath frogs
  3 sun moths
  3 skeletal warriors
  A spectral spark wasp (Depths:1)
  7 swamp dragons (Swamp:4)
  2 spriggan druids
  A golden dragon skeleton (Depths:2)
  48 deep trolls
  7 arcanists
  15 orb spiders
  2 orange crystal statues (IceCv)
  6 steelbarb worms
  4 phantasmal warriors
  15 ironbound convokers
  A bog body (Swamp:4)
  17 lindwurms
  9 necromancers
  10 orc knights
  28 wolf spiders
  An oklob plant (Lair:5)
  6 orc sorcerers (Orc:2)
  A tengu zombie (Depths:2)
  9 cyclopes
  A deep elf pyromancer (D:14)
  A manticore (D:15)
  36 ugly things
  5 will-o-the-wisps
  A meliai (shapeshifter) (D:13)
  7 moths of wrath
  8 black mambas
  A stone giant skeleton (Depths:2)
  2 kobold blastminers (Orc:2)
  26 elephants
  17 vault sentinels
  A torpor snail (shapeshifter) (Vaults:5)
  A frost giant skeleton (Depths:2)
  8 torpor snails
  2 elf skeletons (Vaults:1)
  An elf zombie (Vaults:1)
  An ice statue (Swamp:1)
  A large abomination (Gauntlet)
  25 cane toads
  An efreet (D:8)
  An unseen horror (D:10)
  4 gargoyles
  8 komodo dragons
  A rime drake (Lair:1)
  4 kobold demonologists
  31 yaktaurs
  A golden dragon simulacrum (IceCv)
  3 tengu conjurers
  5 freezing wraiths
  3 human zombies (Vaults:1)
  The ghost of Buffagor the Slasher, an amateur NaFi (D:4)
  A queen bee (shapeshifter) (D:13)
  5 trolls
  2 bloated husks
  12 hornets
  An unseen horror skeleton (D:9)
  12 tyrant leeches
  19 tarantellas
  A polar bear (shapeshifter) (D:14)
  4 polar bears
  An alligator simulacrum (IceCv)
  An iron dragon simulacrum (Depths:2)
  11 blink frogs (Lair:5)
  5 dream sheep (Lair:3)
  2 glass eyes
  24 jumping spiders
  27 culicivoras
  7 wyverns
  26 slime creatures
  11 spriggans
  3 shadows
  A dire elephant simulacrum (IceCv)
  A vampire (D:13)
  2 wraiths
  3 humans (Orc:2)
  46 yaks
  Grum (D:10)
  2 steam dragons (Lair:2)
  A wyvern (shapeshifter) (D:13)
  An unseen horror simulacrum (D:9)
  A golden eye (shapeshifter) (D:14)
  2 wargs (Orc:2)
  8 basilisks
  23 vampire mosquitoes
  47 redbacks
  4 acid dragons
  14 swamp worms
  4 harpy simulacra (IceCv)
  An ogre skeleton (Vaults:1)
  Edmund (D:6)
  A hydra simulacrum (IceCv)
  15 water moccasins
  Duvessa (D:6)
  A glowing shapeshifter skeleton (Depths:2)
  3 swamp drakes (Swamp:4)
  Pargi (D:3)
  3 ice beasts
  4 ettin simulacra (IceCv)
  4 small abominations (Gauntlet)
  6 black bears
  A black bear (shapeshifter) (D:14)
  3 laughing skulls
  18 orc warriors
  26 ogres
  11 wolves
  13 centaurs
  A phantom (D:5)
  5 kobold brigands
  A gnoll sergeant (D:8)
  17 bullfrogs
  A human skeleton (Vaults:1)
  A necrophage (Swamp:3)
  6 scorpions
  Dowan (D:6)
  2 lindwurm simulacra (IceCv)
  5 killer bees (D:9)
  7 electric eels
  10 howler monkeys
  2 bombardier beetles
  5 centaur skeletons
  A centaur zombie (D:9)
  9 hounds
  6 jellies (Lair:4)
  29 orc priests
  3 gnoll boudas (D:8)
  A water moccasin simulacrum (D:4)
  An iguana (D:5)
  Terence (D:1)
  26 orc wizards
  2 scorpion simulacra (D:4)
  A howler monkey zombie (D:9)
  7 gnolls
  3 adders
  A hound simulacrum (D:4)
  4 white imps
  A howler monkey simulacrum (D:4)
  2 ufetubi (D:7)
  4 ribbon worms
  72 orcs
  7 ball pythons
  8 endoplasms
  3 giant cockroaches
  6 goblins
  4 hobgoblins
  5 jackals
  30 kobolds
  3 quokkas
  7 bats
  3 frilled lizards (D:1)
  5 rats
1659 creatures vanquished.

Vanquished Creatures (others)
  A bog body (Swamp:3)
  A bloated husk (Swamp:2)
  A hornet (Swamp:3)
  A spriggan (Swamp:3)
  A redback (Spider:3)
  A white imp (D:6)
  2 ufetubi (D:6)
  10 foxfires
  36 fulminant prisms
54 creatures vanquished.

Grand Total: 1713 creatures vanquished

Notes
Turn   | Place    | Note
-------+----------+-------------------------------------------
     0 | D:1      | Faeranduil the Octopode Alchemist began the quest for the
                  | Orb.
     0 | D:1      | Reached XP level 1. HP: 11/11 MP: 3/3
   151 | D:1      | Found a faded altar of an unknown god.
   239 | D:1      | Reached XP level 2. HP: 17/17 MP: 1/5
  1058 | D:1      | Reached XP level 3. HP: 20/20 MP: 0/6
  1215 | D:2      | Found Lonnilui's Antique Weapon Boutique.
  1383 | D:2      | Noticed Terence
  1741 | D:2      | Found Genef's Jewellery Shoppe.
  2088 | D:3      | Reached XP level 4. HP: 15/27 MP: 2/8
  2199 | D:3      | Reached skill level 5 in Alchemy
  2606 | D:3      | Noticed Pargi
  2611 | D:3      | Learned a level 2 spell: Mercury Vapours
  2616 | D:3      | Learned a level 4 spell: Olgreb's Toxic Radiance
  3120 | D:4      | Found Loazoas's Distillery.
  3124 | D:4      | Bought a potion of curing for 36 gold pieces
  3147 | D:4      | Reached XP level 5. HP: 31/31 MP: 3/9
  3153 | D:4      | Noticed an ogre
  3179 | D:4      | Killed an ogre
  3180 | D:4      | Reached XP level 6. HP: 36/36 MP: 0/11
  3444 | D:4      | Found a runed translucent gate.
  3446 | D:4      | Found a runed translucent gate.
  3446 | D:4      | Found a runed translucent gate.
  3566 | D:4      | Noticed an ice beast
  3699 | D:4      | Found a glowing silver altar of Zin.
  3700 | D:4      | Found a shimmering altar of Xom.
  4092 | D:4      | Reached XP level 7. HP: 37/41 MP: 0/13
  4507 | D:4      | Noticed Buffagor's ghost (amateur NaFi)
  4555 | D:5      | Entered Level 5 of the Dungeon
  5131 | D:2      | Bought a dazzling short sword for 128 gold pieces
  5131 | D:2      | Identified the +1 short sword "Simaig" {heavy, rElec rC+
                  | Will+ Str+3} (You bought it in a shop on level 2 of the
                  | Dungeon)
  5314 | D:4      | Found a sacrificial altar of Ru.
  5344 | D:5      | Reached skill level 5 in Spellcasting
  5464 | D:5      | Learned a level 3 spell: Mephitic Cloud
  5469 | D:5      | Learned a level 4 spell: Sticky Flame
  5583 | D:5      | Found Qirosuyf's Antique Armour Boutique.
  5646 | D:5      | Found a staircase to the Ecumenical Temple.
  5651 | D:5      | Reached skill level 1 in Fire Magic
  5656 | Temple   | Entered the Ecumenical Temple
  5713 | Temple   | Became a worshipper of Vehumet
  5807 | D:5      | Reached skill level 2 in Fire Magic
  5807 | D:5      | Reached XP level 8. HP: 30/46 MP: 14/16
  6302 | D:6      | Noticed Dowan
  6309 | D:6      | Killed Dowan
  6310 | D:6      | Reached skill level 3 in Fire Magic
  6334 | D:6      | Noticed Duvessa
  6345 | D:6      | Killed Duvessa
  6654 | D:6      | Noticed Edmund
  6771 | D:6      | Reached skill level 4 in Fire Magic
  6980 | D:6      | Found Qoinwib's Assorted Antiques.
  6985 | D:6      | Bought a scroll labelled QEOLOSM KECITEL for 24 gold pieces
  6985 | D:6      | Bought a scroll labelled AWICIKLOTS for 24 gold pieces
  6985 | D:6      | Bought a viscous amethyst potion for 21 gold pieces
  7698 | D:7      | Learned a level 2 spell: Searing Ray
  7703 | D:7      | Learned a level 4 spell: Fulminant Prism
  7744 | D:7      | Noticed a wyvern
  7830 | D:6      | Killed Edmund
  7831 | D:6      | Reached XP level 9. HP: 51/51 MP: 4/19
  7966 | D:7      | Reached * piety under Vehumet
  7966 | D:7      | Offered knowledge of Sandblast by Vehumet.
  8522 | D:8      | Noticed an elephant
  8767 | D:8      | Reached skill level 1 in Shields
  8911 | D:8      | Killed an elephant
  9250 | D:8      | Reached skill level 5 in Conjurations
  9708 | D:8      | Learned a level 4 spell: Ignite Poison
  9729 | D:8      | Found a runed translucent door.
  9730 | D:8      | Noticed Arex's ghost (novice DrSh)
  9730 | D:8      | Noticed an efreet
  9779 | D:8      | Found a bloodstained altar of Trog.
 10028 | D:8      | Identified the +5 hand axe of the First Interlopers {venom,
                  | Fly Will+++ rCorr Str-5}
 10068 | D:8      | Reached XP level 10. HP: 44/56 MP: 5/22
 10344 | D:8      | Noticed an elephant
 10462 | D:8      | Found a staircase to the Lair.
 10469 | D:8      | Identified the +11 sling of Awunaz {freeze, *Corrode rElec
                  | Int+3 SInv}
 10474 | D:8      | Offered knowledge of Scorch by Vehumet.
 10495 | D:8      | Noticed a kobold demonologist
 10594 | D:8      | Reached ** piety under Vehumet
 10598 | D:8      | Killed an elephant
 11007 | D:8      | Killed a kobold demonologist
 11008 | D:8      | Reached skill level 5 in Fire Magic
 11860 | D:8      | Offered knowledge of Dazzling Flash by Vehumet.
 12860 | D:9      | Reached skill level 6 in Fire Magic
 13009 | D:9      | Reached *** piety under Vehumet
 13010 | D:9      | Reached XP level 11. HP: 61/61 MP: 21/24
 13154 | D:9      | Learned a level 4 spell: Iskenderun's Mystic Blast
 14053 | D:10     | Entered Level 10 of the Dungeon
 14108 | D:10     | Noticed Nergalle
 14112 | D:10     | Killed Nergalle
 14113 | D:10     | Reached skill level 10 in Spellcasting
 14126 | D:10     | Offered knowledge of Brom's Barrelling Boulder by Vehumet.
 14262 | D:5      | Bought a transparent buckler for 190 gold pieces
 14262 | D:5      | Identified the +1 buckler "Cybripiy" {rElec rF+} (You
                  | bought it in a shop on level 5 of the Dungeon)
 14324 | D:4      | Bought a potion of heal wounds for 60 gold pieces
 14324 | D:4      | Bought a potion of brilliance for 48 gold pieces
 14759 | D:10     | Noticed Grum
 14762 | D:10     | Killed Grum
 14763 | D:10     | Reached skill level 1 in Fighting
 16108 | D:11     | Noticed a cyclops
 16121 | D:11     | Killed a cyclops
 16122 | D:11     | Reached skill level 7 in Fire Magic
 16245 | D:11     | Reached **** piety under Vehumet
 16275 | D:11     | Identified the +1 scale mail "Nykum" {Will+ Stlth+}
 16432 | D:11     | Found a staircase to the Orcish Mines.
 16514 | D:11     | Found a runed translucent door.
 16708 | D:11     | Offered knowledge of Volatile Blastmotes by Vehumet.
 17443 | D:11     | Noticed a minotaur
 18007 | Orc:1    | Entered Level 1 of the Orcish Mines
 18343 | D:11     | Reached skill level 10 in Conjurations
 18661 | Orc:2    | Entered Level 2 of the Orcish Mines
 18729 | Orc:2    | Noticed an orc sorcerer
 18733 | Orc:2    | Killed an orc sorcerer
 18734 | Orc:2    | Reached XP level 12. HP: 72/72 MP: 11/26
 18775 | Orc:2    | Noticed an orc high priest
 18779 | Orc:2    | Noticed a two-headed ogre
 18780 | Orc:2    | Killed an orc high priest
 18781 | Orc:2    | Reached skill level 8 in Fire Magic
 18792 | Orc:2    | Killed a two-headed ogre
 18819 | Orc:2    | Found a flickering gateway to a bazaar.
 18830 | Orc:2    | Reached skill level 9 in Fire Magic
 18897 | Bazaar   | Entered a bazaar
 18897 | Bazaar   | Found Woidetwo's Antique Armour Emporium.
 18907 | Bazaar   | Found Kaedolik's Distillery.
 18915 | Bazaar   | Found Fedghe's Antique Weapon Shoppe.
 18922 | Bazaar   | Found Yguinkonti's Armour Boutique.
 18929 | Bazaar   | Found Kuon's Armour Shoppe.
 18967 | Bazaar   | Bought a bloodstained trident for 212 gold pieces
 18967 | Bazaar   | Identified the +5 trident of Sagrakleuwk {flame, rCorr
                  | Str+4} (You bought it in a shop in a bazaar)
 18975 | Bazaar   | Bought a potion of haste for 130 gold pieces
 18975 | Bazaar   | Bought a potion of heal wounds for 65 gold pieces
 19225 | Orc:1    | Reached ***** piety under Vehumet
 19233 | Orc:1    | Offered knowledge of Plasma Beam by Vehumet.
 19246 | Orc:1    | Learned a level 6 spell: Plasma Beam
 19576 | Orc:2    | Found a staircase to the Elven Halls.
 19758 | Orc:2    | Reached skill level 5 in Fighting
 19793 | Orc:2    | Noticed an orc high priest
 19807 | Orc:2    | Reached skill level 1 in Air Magic
 19809 | Orc:2    | Killed an orc high priest
 19837 | Orc:2    | Noticed an orc high priest
 19843 | Orc:2    | Killed an orc high priest
 19973 | Orc:2    | Reached skill level 10 in Fire Magic
 20204 | Orc:2    | Noticed an orc high priest
 20442 | Orc:2    | Reached XP level 13. HP: 83/83 MP: 14/28
 20508 | Orc:2    | Found Koaqizu's Antique Weapon Boutique.
 20508 | Orc:2    | Found Sobiateh's Antique Weapon Boutique.
 20509 | Orc:2    | Found Vezitt's Weapon Emporium.
 20509 | Orc:2    | Found Ogatacku's Armour Emporium.
 20968 | Lair:1   | Entered Level 1 of the Lair of Beasts
 21361 | Lair:1   | Noticed Fannar
 21366 | Lair:1   | Killed Fannar
 21367 | Lair:1   | Reached skill level 11 in Fire Magic
 22015 | Lair:1   | Noticed Gastronok
 22018 | Lair:1   | Killed Gastronok
 22447 | Lair:2   | Noticed an eleionoma
 22452 | Lair:2   | Killed an eleionoma
 22453 | Lair:2   | Reached skill level 12 in Fire Magic
 22548 | Lair:2   | Found a staircase to the Swamp.
 22759 | Lair:2   | Found a hole to the Spider Nest.
 23083 | Lair:2   | Offered knowledge of Fireball by Vehumet.
 23100 | Lair:2   | Learned a level 5 spell: Fireball
 23337 | Lair:2   | Reached XP level 14. HP: 93/93 MP: 19/30
 23390 | Lair:2   | Found the ring of the Octopus King
 23390 | Lair:2   | Noticed a dire elephant
 23439 | Lair:2   | Killed a dire elephant
 23569 | Lair:2   | Identified a ring of the Octopus King {Fly HP+2 AC+2 EV+2
                  | SH+2}
 23646 | Lair:3   | Noticed Snorg
 23687 | Lair:3   | Killed Snorg
 23691 | Lair:3   | Reached skill level 13 in Fire Magic
 23768 | Lair:3   | Reached skill level 5 in Stealth
 24946 | Lair:4   | Found a viscous altar of Jiyva.
 25836 | Lair:4   | Found a staircase to the Slime Pits.
 25956 | Lair:4   | Reached skill level 5 in Dodging
 26055 | Lair:5   | Entered Level 5 of the Lair of Beasts
 26171 | Lair:5   | Offered knowledge of Lee's Rapid Deconstruction by Vehumet.
 26172 | Lair:5   | Reached skill level 14 in Fire Magic
 26357 | Lair:5   | Reached XP level 15. HP: 101/101 MP: 23/31
 28087 | Lair:5   | Identified the staff "Pocipomo" {Fly rF- rC+ Dex+3 Necro
                  | Fire Ice}
 28493 | Orc:2    | Bought a transparent quarterstaff for 360 gold pieces
 28493 | Orc:2    | Identified the +11 quarterstaff of the Heart {holy, Str+3}
                  | (You bought it in a shop on level 2 of the Orcish Mines)
 28498 | Orc:2    | Bought a steaming spear for 320 gold pieces
 28498 | Orc:2    | Identified the +1 spear "Waihiuh" {spect, rElec Int+3} (You
                  | bought it in a shop on level 2 of the Orcish Mines)
 28742 | D:1      | Killed Terence
 28780 | D:3      | Killed Pargi
 28903 | D:4      | Killed Buffagor's ghost
 29303 | D:8      | Killed Arex's ghost
 29698 | D:12     | Found a gate leading to a gauntlet.
 29743 | Gauntlet | Entered a Gauntlet
 29743 | Gauntlet | Found a transporter.
 29752 | Gauntlet | Found a transporter.
 29767 | Gauntlet | Found a transporter.
 29772 | Gauntlet | Found a transporter.
 29789 | Gauntlet | Found a transporter.
 29808 | Gauntlet | Found a transporter.
 29820 | Gauntlet | Found a transporter.
 29826 | Gauntlet | Found a transporter.
 29841 | Gauntlet | Found a transporter.
 29853 | Gauntlet | Found a transporter.
 29859 | Gauntlet | Found a transporter.
 29859 | Gauntlet | Found a transporter.
 29874 | Gauntlet | Found a transporter.
 29891 | Gauntlet | Found a transporter.
 29911 | Gauntlet | Found a transporter.
 29936 | Gauntlet | Found a transporter.
 29938 | Gauntlet | Found a transporter.
 29958 | Gauntlet | Found a transporter.
 30483 | Gauntlet | Identified the ring "Fuiciocs" {Wiz rElec}
 30535 | Gauntlet | Identified the +8 war axe "Rirysov" {venom, rC+ Dex+5}
 30618 | Gauntlet | Identified the +1 robe of Lightning Storm {Dex+2}
 30671 | D:12     | Offered knowledge of Conjure Ball Lightning by Vehumet.
 31189 | D:12     | Reached skill level 15 in Fire Magic
 31254 | D:12     | Reached skill level 10 in Fighting
 31499 | D:12     | Learned a level 8 spell: Ignition
 31565 | D:12     | Found a runed translucent door.
 31571 | D:12     | Noticed Naggiasi's ghost (journeyman KoBr)
 31577 | D:12     | Killed Naggiasi's ghost
 32439 | D:13     | Reached XP level 16. HP: 106/111 MP: 23/33
 32464 | D:13     | Found a gate to the Vaults.
 33169 | D:13     | Reached skill level 10 in Stealth
 33732 | D:13     | Got Ydwethroa's Tractate on Burnt Arcane Combat
 34103 | D:14     | Found a portal to a secret trove of treasure.
 34563 | D:14     | Identified a scroll of acquirement
 34583 | D:14     | Found a stormy altar of Qazlal.
 34797 | D:14     | Reached skill level 16 in Fire Magic
 35437 | D:2      | Bought a ring of magical power for 280 gold pieces
 35693 | Orc:2    | Acquired 1243 gold pieces
 35695 | Orc:2    | Bought a +2 hat of stealth for 336 gold pieces
 35717 | Orc:2    | Bought a faintly glowing arbalest for 190 gold pieces
 35717 | Orc:2    | Identified the +9 arbalest of Ucuagoc {flame, ^Contam rF++
                  | rN+} (You bought it in a shop on level 2 of the Orcish
                  | Mines)
 35899 | D:15     | Entered Level 15 of the Dungeon
 35958 | D:15     | Found a radiant altar of Vehumet.
 35968 | D:15     | Offered knowledge of Starburst by Vehumet.
 37527 | D:15     | Found a staircase to the Depths.
 37872 | Spider:1 | Entered Level 1 of the Spider Nest
 38270 | Spider:1 | Identified the +7 arbalest "Killer Klown's Doom" {flame,
                  | rN+ Dex+2}
 38333 | Spider:1 | Reached XP level 17. HP: 121/121 MP: 29/35
 38672 | Spider:1 | Offered knowledge of Freezing Cloud by Vehumet.
 38676 | Spider:1 | Reached skill level 17 in Fire Magic
 39044 | Spider:1 | Identified the serpent talisman of Quwipa {rF- Str+8 Int-5}
 39044 | Spider:1 | Noticed Aizul
 39052 | Spider:1 | Killed Aizul
 41914 | Spider:3 | Noticed Arachne
 41918 | Spider:3 | Killed Arachne
 41988 | Spider:3 | Offered knowledge of Eringya's Noxious Bog by Vehumet.
 42012 | Spider:3 | Reached skill level 10 in Dodging
 42247 | Spider:3 | Reached skill level 18 in Fire Magic
 42880 | Spider:2 | Reached skill level 15 in Spellcasting
 43551 | Spider:3 | Reached skill level 15 in Fighting
 43798 | Spider:3 | Reached XP level 18. HP: 134/134 MP: 33/37
 44281 | Spider:4 | Entered Level 4 of the Spider Nest
 44578 | Spider:4 | Identified the +4 scale mail "Waekeqoh" {rN+}
 44986 | Spider:4 | Noticed Asterion
 44994 | Spider:4 | Killed Asterion
 46351 | Spider:4 | Got a gossamer rune of Zot
 46379 | Spider:4 | Identified the +2 pair of gloves "Lugien" {Str+4}
 46983 | D:14     | You paid a toll of a +7 demon trident to enter a treasure
                  | trove
 46984 | Trove    | Entered a treasure trove
 46993 | Trove    | Identified the +0 hat of the Snail {Will+ Str+2}
 47012 | Trove    | Identified the ring of Wigijaaph {Dex+6 Slay+2 SInv}
 47222 | Swamp:1  | Entered Level 1 of the Swamp
 47225 | Swamp:1  | Reached ****** piety under Vehumet
 47225 | Swamp:1  | Offered knowledge of Fire Storm by Vehumet.
 47225 | Swamp:1  | Offered knowledge of Chain Lightning by Vehumet.
 47225 | Swamp:1  | Offered knowledge of Polar Vortex by Vehumet.
 47362 | Swamp:1  | Reached skill level 1 in Evocations
 47477 | Swamp:1  | Found a glacial archway.
 47486 | IceCv    | Entered an ice cave
 47580 | IceCv    | Identified the death talisman "Hixkap" {rF+}
 48130 | IceCv    | Identified the +1 flail "Soawaig" {drain, Str+3 Dex+2
                  | Stlth+}
 48245 | Swamp:1  | Noticed Donald
 48253 | Swamp:1  | Killed Donald
 49414 | Swamp:2  | Found a runed translucent door.
 49415 | Swamp:2  | Identified the +4 spear "Zuegilab" {venom, rN+ Dex+4}
 49415 | Swamp:2  | Noticed Qemahefa's ghost (adept GrFi)
 49418 | Swamp:2  | Noticed a tentacled monstrosity
 49422 | Swamp:2  | Noticed a tentacled monstrosity
 49440 | Swamp:2  | Identified the +2 chain mail of the Three Visionaries
                  | {rPois rN+}
 49501 | Swamp:2  | Noticed Frances
 49506 | Swamp:2  | Killed Frances
 49790 | Swamp:3  | Reached XP level 19. HP: 141/141 MP: 14/38
 49791 | Swamp:3  | Noticed Nikola
 50818 | Swamp:3  | Got Ryn Firr's Collected Works on Foggy Arson
 50839 | Swamp:3  | Killed Nikola
 51072 | Swamp:4  | Entered Level 4 of the Swamp
 51916 | Swamp:4  | Got a decaying rune of Zot
 52330 | Vaults:1 | Entered Level 1 of the Vaults
 52336 | Vaults:1 | Learned a level 2 spell: Blink
 52430 | Vaults:1 | Reached skill level 5 in Evocations
 53983 | Vaults:1 | Reached XP level 20. HP: 149/149 MP: 38/40
 54423 | Vaults:1 | Identified the +1 hat of Makhleb's Envy {rCorr Stlth+}
 54431 | Vaults:1 | Found a radiant altar of Vehumet.
 54444 | Vaults:1 | Identified the +2 robe "Mythefix" {Dex+8 Stlth-}
 57598 | Vaults:3 | Reached skill level 19 in Fire Magic
 57835 | Vaults:3 | Learned a level 6 spell: Bombard
 58374 | Vaults:3 | Noticed Margery
 58392 | Vaults:3 | Reached skill level 1 in Earth Magic
 58880 | Vaults:3 | Reached XP level 21. HP: 156/156 MP: 41/41
 59295 | Vaults:3 | Found a staircase to the Crypt.
 60078 | Vaults:3 | Killed Margery
 60546 | Vaults:3 | Found Tytuolaq's Antique Weapon Shoppe.
 60554 | Vaults:3 | Bought a steaming morningstar for 225 gold pieces
 60554 | Vaults:3 | Identified the +0 morningstar of the Toadstool {freeze,
                  | Will- rCorr Int+3} (You bought it in a shop on level 3 of
                  | the Vaults)
 61821 | Vaults:4 | Identified the +2 ring mail of Imniats {Int-2 Dex+3 SInv}
 63349 | Depths:1 | Entered Level 1 of the Depths
 63354 | Depths:1 | Reached skill level 20 in Fire Magic
 64162 | Depths:1 | Found a broken altar of Ashenzari.
 64450 | Depths:1 | Found a sacrificial altar of Ru.
 65051 | Depths:1 | Found a gateway to Hell.
 65494 | Depths:2 | Reached XP level 22. HP: 164/164 MP: 41/43
 65735 | Depths:2 | Found a one-way gate leading to the halls of Pandemonium.
 65825 | Depths:2 | Reached skill level 5 in Earth Magic
 66463 | Depths:2 | Reached skill level 15 in Conjurations
 68676 | Depths:3 | Noticed Mara
 68696 | Depths:3 | Noticed Faeranduil's illusion
 68697 | Depths:3 | Killed Mara
 68750 | Depths:3 | Found a one-way gate to the infinite horrors of the Abyss.
 69238 | Depths:3 | Found a one-way gateway to a ziggurat.
 69311 | Depths:3 | Found a shadowy altar of Dithmenos.
 69440 | Depths:4 | Entered Level 4 of the Depths
 70112 | Depths:4 | Reached skill level 21 in Fire Magic
 70582 | Depths:4 | Reached XP level 23. HP: 157/172 MP: 34/44
 72298 | Depths:4 | Noticed a golden dragon
 72364 | Depths:4 | Learned a level 8 spell: Lehudib's Crystal Spear
 72579 | Depths:4 | Killed a golden dragon
 72904 | Depths:4 | Found a runed translucent door.
 72905 | Depths:4 | Found a shimmering altar of Xom.
 72905 | Depths:4 | Noticed Hijoso's ghost (veteran GnWn)
 73067 | Depths:4 | Found a gate to the Realm of Zot.
 73485 | D:4      | Bought 2 potions of heal wounds for 120 gold pieces
 73485 | D:4      | Bought a potion of haste for 120 gold pieces
 73595 | D:6      | Bought a polished long sword for 204 gold pieces
 73595 | D:6      | Identified the +4 long sword "Habeudaz" {holy, Int+4} (You
                  | bought it in a shop on level 6 of the Dungeon)
 73857 | Vaults:5 | Entered Level 5 of the Vaults
 73908 | Vaults:5 | HP: 4/174 [titan/the air (20)]
 73909 | Vaults:5 | Killed from afar by a tengu reaver

Illustrated notes

Levels and vault maps discovered:
D:1:      minmay_arrival_four_loops, layout_loops_cross,
          ebering_ecumenical_altar_hall, minmay_pentomino_p4
D:2:      layout_rooms, serial_shops, nicolae_shop_tiny_real_fake_doors, shop,
          grunt_decor_cap, hex_medium, grunt_ministairs_3, hangedman_decor_push,
          uniq_terence
D:3:      layout_rooms, chequers_serial_rivers_room_b,
          hangedman_abyss_or_decor_stabs, uniq_pargi
D:4:      kennysheep_kobold_camp, layout_gridville,
          nicolae_overflow_hidden_temple, gammafunk_ghost_icy, serial_shops,
          nicolae_shop_tiny_statue_garden
D:5:      layout_loops_ring, temple_green, serial_shops,
          nicolae_shop_real_fake_doors
D:6:      layout_cave_pods, serial_shops, nicolae_shop_tiny_waterfront,
          lemuel_flamethrower_2, uniq_edmund, uniq_duvessa
D:7:      layout_basic
D:8:      lemuel_castle_with_subvaults [lemuel_castle_interior_carwin_1],
          layout_basic, lightli_temple_of_fire, grunt_lair_entry_orc_guard_hut,
          ebering_ghost_inner_flame
D:9:      layout_small_grid, hangedman_weighted_door
D:10:     layout_basic, serial_bayou_lake_a, uniq_grum, uniq_nergalle
D:11:     dreamdust_labyrinth, layout_stronghold, hiddenorc1_lemuel
D:12:     layout_roguey, gauntlet_entry_generic, ebering_ghost_reflecting_pool,
          kennysheep_generic_room_2, uniq_urug
D:13:     kennysheep_windowed_halls, layout_layer_cave,
          hangedman_vaults_entry_quadrant_bands
D:14:     layout_basic, grunt_qazlal_clouds, nicolae_trove_entry_free_sample,
          grunt_decor_resistance
D:15:     grunt_enter_depths_snipers, layout_long_grid,
          nicolae_vehumet_radiance, dispersion_dpeg
Temple:   mainiacjoe_temple_coin_purse
Lair:1:   layout_misc_corridors, beast_lair_carwin_6, uniq_fannar,
          uniq_gastronok
Lair:2:   layout_regular_city, alex1729_swamp_entry_worm_eleionoma,
          spider_nest_entry_webs, nicolae_lair_lakeside_cave
Lair:3:   layout_hall_layers, minivault_25, grunt_forest_stairs_basic,
          serial_bayou_shore_b, uniq_snorg
Lair:4:   layout_regular_city, nicolae_slime_entry_slimehenge,
          serial_bayou_shore_b, grunt_megastairs_5, infiniplex_staircase_pool,
          serial_bayou_shore_b
Lair:5:   minmay_lair_end_frog_pond, layout_long_grid, nicolae_lair_yak_garden
Swamp:1:  layout_basic_swamp, portal_ice_cave_entry_ice_statue_one,
          nicolae_swamp_big_swirl, swamp_pool_4, cheibrodos_swamp_witchery,
          uniq_donald
Swamp:2:  layout_basic_swamp, ebering_ghost_funeral_grove,
          nicolae_swamp_bean_lake, uniq_frances
Swamp:3:  layout_basic_swamp, hangedman_swamp_pad,
          nicolae_swamp_decorative_isthmus, uniq_nikola
Swamp:4:  swamp_alternative, layout_basic_swamp, swamp_pool_3
Spider:1: layout_chambers, nicolae_spider_nooks_and_crannies, uniq_aizul
Spider:2: layout_cave_pods, nicolae_spider_not_touching_you
Spider:3: layout_spider_delve, nicolae_spider_paper_wasps, uniq_arachne
Spider:4: guppyfry_spider_rune, uniq_asterion
Orc:1:    layout_caves
Orc:2:    st_orc_elflike, layout_caves, serial_shops, bzr_entry_customers
Vaults:1: nicolae_vaults_tetromino_L_2, nicolae_vaults_offset_grid_hallway_1,
          grunt_tower_of_power, ontoclasm_vaults_twist,
          nicolae_vaults_more_shelving_2, nicolae_vaults_yaktaur_gun_rack,
          nicolae_vaults_wine_cellar, grunt_vaults_hallway_short,
          ontoclasm_vaults_chip, v_alt_pattern_5, layout_vaults_chaotic_city
Vaults:2: nicolae_vaults_double_plus_2, nicolae_vaults_double_plus_1, v_rooms_1,
          nicolae_vaults_weapon_check, hangedman_vaults_hat, v_misc_27,
          hangedman_vaults_capsules, nicolae_vaults_diamond_1,
          nicolae_vaults_heart-shaped_vault, layout_vaults_omnigrid
Vaults:3: nicolae_vaults_network_s, vaults_dpeg_doors,
          minmay_crypt_entry_simple_corners, nicolae_vaults_gold_heap,
          hangedman_vaults_locks, nicolae_vaults_disjoint_gnomons,
          nicolae_vaults_sightless_eye, hangedman_vaults_slither,
          dpeg_vaults_monster_row, nicolae_vaults_trapezoid_lopsided_2,
          nicolae_vaults_prndl, nicolae_vaults_trapezoid_1, layout_vaults_maze,
          serial_shops, nicolae_shop_stone, uniq_margery
Vaults:4: v_misc_9, hangedman_vaults_river_flow, ontoclasm_vaults_bender,
          nicolae_vaults_three_branches, vaults_room_fancy_cross,
          vaults_room_corners, nicolae_vaults_ring_of_whatevers,
          ontoclasm_vaults_ligature, nicolae_vaults_murderbox,
          dpeg_vaults_monster_box, ontoclasm_vaults_hangar,
          nicolae_vaults_ninety_degrees, nicolae_vaults_house_1,
          layout_vaults_ring
Vaults:5
Depths:1: layout_roguey, evilmike_ruin_ashenzari, grunt_mini_vestibule,
          drop_trap, reono_crystal_passage, chequers_serial_rivers_micro_b,
          chequers_serial_rivers_small_a, wad_floor_pattern_untrapped,
          minmay_misc_feat_pillars, kennysheep_crisscross,
          serial_library_hellmonk_angled_corner,
          nicolae_ru_great_annihilating_truth
Depths:2: nicolae_cairo_tiling_very_big, layout_basic, rand_demon_pan_entry_1,
          hangedman_coc_ice_floe
Depths:3: hangedman_arrow_trap, layout_cave_pools, enter_ziggurat_e, pan_entry,
          hell_entry, minmay_misc_feat_tiny, hangedman_abyss_entry_splay,
          grunt_dithmenos_smoke, uniq_mara
Depths:4: grunt_zot_entry_bicorn, layout_basic, grunt_pan_entry_spiral,
          hangedman_decor_diamond_cutter, hell_entry, ebering_ghost_xom,
          nicolae_abyss_entry_one_way_or_another, hex_tiny

Skill      XL: |  1  2  3  4  5  6  7  8  9 10 11 12 13 14 15 16 17 18 19 20 21 22 23 |
---------------+----------------------------------------------------------------------+-----
Alchemy        | 4 5 6 7 8 |  8.0
Spellcasting   | 3 4 5 7 8 9 10 11 12 13 14 15 16 17 18 | 18.3
Fire Magic     | 2 4 6 7 10 12 14 15 16 18 19 20 21 | 21.7
Conjurations   | 2 6 8 10 11 12 13 14 16 17 | 17.0
Shields        | 3 4 |  4.0
Fighting       | 3 5 7 9 10 12 15 16 17 18 | 18.9
Air Magic      | 3 4 |  4.0
Stealth        | 3 7 9 10 12 | 12.0
Dodging        | 5 7 8 10 11 12 | 12.0
Evocations     | 3 6 9 |  9.0
Earth Magic    | 1 4 6 8 |  8.2

Action                     |  1- 3 |  4- 6 |  7- 9 | 10-12 | 13-15 | 16-18 | 19-21 | 22-24 || total
---------------------------+-------+-------+-------+-------+-------+-------+-------+-------++-------
  Melee: Unarmed           |     3 |       |       |       |       |       |       |       ||     3
         Constrict         |     7 |     1 |     5 |     6 |     2 |       |     1 |       ||    22
         Tentacles         |     6 |     3 |    14 |     8 |     5 |       |     8 |       ||    44
         Punch             |     2 |       |     2 |     2 |       |       |       |       ||     6
         Dagger            |    25 |    10 |    56 |    14 |       |       |       |       ||   105
         Short sword       |       |       |       |     6 |    11 |       |    14 |       ||    31
   Cast: Sting             |    65 |    44 |    43 |     1 |     8 |       |     5 |     1 ||   167
         Olgreb's Toxic Ra |       |     7 |    59 |   176 |   163 |   182 |   124 |    29 ||   740
         Fulminant Prism   |       |       |     4 |    16 |     1 |    14 |     1 |       ||    36
         Mephitic Cloud    |       |       |     1 |     2 |       |       |       |       ||     3
         Sticky Flame      |       |       |     1 |       |       |       |       |       ||     1
         Ignite Poison     |       |       |     5 |    94 |   107 |   140 |    91 |    21 ||   458
         Searing Ray       |       |       |     5 |    13 |     6 |       |     4 |       ||    28
         Iskenderun's Myst |       |       |       |    33 |   107 |    83 |   103 |    83 ||   409
         Mercury Vapours   |       |       |       |     2 |     1 |       |       |       ||     3
         Plasma Beam       |       |       |       |       |   139 |   326 |   336 |   167 ||   968
         Fireball          |       |       |       |       |     7 |     6 |    48 |       ||    61
         Ignition          |       |       |       |       |     3 |     2 |    18 |    31 ||    54
         Bombard           |       |       |       |       |       |       |    55 |    86 ||   141
         Blink             |       |       |       |       |       |       |     1 |     2 ||     3
         Lehudib's Crystal |       |       |       |       |       |       |       |     6 ||     6
  Evoke: Wand              |       |       |     4 |       |       |       |       |       ||     4
    Use: Scroll            |     1 |       |     1 |    23 |    10 |    16 |     6 |     1 ||    58
         Potion            |     1 |       |       |     2 |     2 |     4 |     4 |     7 ||    20
   Stab: Sleeping          |       |       |     2 |       |       |       |       |       ||     2
 Armour: Skin              |    24 |     3 |    35 |    48 |    51 |   126 |   107 |    89 ||   483
  Dodge: Dodged            |    33 |     9 |    50 |    47 |    78 |   138 |   135 |    90 ||   580
  Block: Buckler           |       |       |       |    12 |    36 |    55 |    43 |    38 ||   184
